 Dungeon Crawl Stone Soup version 0.20-a0-1086-g4bd2f5b (webtiles) character file.

1730 Megalobster the Destroyer (level 8, 0/43 HPs)
             Began as a Deep Elf Conjurer on May 1, 2017.
             Was a Follower of Vehumet.
             Slain by an unseen horror (6 damage)
             ... on level 6 of the Dungeon.
             The game lasted 00:29:15 (5618 turns).

Megalobster the Destroyer (Deep Elf Conjurer)       Turns: 5618, Time: 00:29:15

Health: 0/43       AC:  2    Str:  5    XL:     8   Next: 76%
Magic:  4/21       EV: 13    Int: 23    God:    Vehumet [*.....]
Gold:   224        SH:  0    Dex: 15    Spells: 3/21 levels left

rFire    . . .     SeeInvis .   k - +3 dagger
rCold    . . .     Gourm    .   (no shield)
rNeg     . . .     Faith    .   a - +0 robe
rPois    .         Spirit   .   (no helmet)
rElec    .         Reflect  .   (no cloak)
rCorr    .         Harm     .   (no gloves)
MR       .....                  (no boots)
Stlth    ++........             l - amulet of magic regeneration
Regen    0.2/turn               (no ring)
MPRegen  0.3/turn               (no ring)

@: very slightly contaminated
A: no striking features
a: Renounce Religion


You were on level 6 of the Dungeon.
You worshipped Vehumet.
Vehumet was aware of your devotion.
You were not hungry.

You visited 2 branches of the dungeon, and saw 7 of its levels.

You collected 224 gold pieces.

Inventory:

Hand Weapons
 g - a +0 whip
 k - a +3 dagger (weapon)
 C - a +0 hunting sling
Missiles
 h - 182 stones (quivered)
 m - 99 sling bullets
 t - 18 poisoned needles
Armour
 a - a +0 robe (worn)
Jewellery
 l - an amulet of magic regeneration (around neck)
Scrolls
 f - 2 scrolls of fear {unknown}
 j - 2 scrolls of random uselessness {unknown}
 o - a scroll of enchant armour {unknown}
 q - a scroll of blinking {unknown}
 r - 3 scrolls of teleportation {unknown}
 s - a scroll of magic mapping {unknown}
 u - 2 scrolls of remove curse {unknown}
 y - a scroll of immolation {unknown}
 G - a scroll of recharging {unknown}
 H - a scroll of identify
Potions
 d - 3 potions of lignification
 e - a potion of haste {unknown}
 i - a potion of might {unknown}
 n - a potion of brilliance {unknown}
 p - 2 potions of heal wounds
 w - 2 potions of curing
 x - 3 potions of degeneration
 z - a potion of berserk rage {unknown}
 A - a potion of cancellation {unknown}
 B - a potion of mutation {unknown}
 E - a potion of flight {unknown}
Books
 b - a book of Conjurations

   Spells                             Type                      Level
   a - Magic Dart                     Conjuration                  1
   b - Searing Ray                    Conjuration                  2
   c - Dazzling Spray                 Conjuration/Hexes            3
   d - Fulminant Prism                Conjuration/Hexes            4
   e - Force Lance                    Conjuration/Translocation    4
   f - Iskenderun's Mystic Blast      Conjuration                  4
Comestibles
 c - 5 bread rations
 v - 4 fruits
 D - 5 chunks of flesh
 F - a meat ration


   Skills:
 + Level 1.1 Fighting
 + Level 4.0 Short Blades
 + Level 2.8 Dodging
 - Level 2.4 Stealth
 + Level 7.3 Spellcasting
 * Level 8.9 Conjurations
 - Level 5.0 Hexes
 - Level 3.3 Translocations


You had 3 spell levels left.
You knew the following spells:

 Your Spells              Type           Power        Failure   Level  Hunger
a - Magic Dart            Conj           ####         1%          1    None
b - Searing Ray           Conj           #####.       1%          2    None
c - Iskenderun's Mystic   Conj           #####...     1%          4    ###....
d - Fulminant Prism       Conj/Hex       #####.....   4%          4    ###....
e - Force Lance           Conj/Tloc      #####...     6%          4    ###....
f - Dazzling Spray        Conj/Hex       #####.       1%          3    None


Dungeon Overview and Level Annotations

Branches:
Dungeon (6/15)             Temple (1/1) D:4

Altars:
Ashenzari
Cheibriados
Fedhas
Hepliaklqana
Nemelex Xobeh
Okawaru
Qazlal
Sif Muna
Trog
Uskayaw
Vehumet
Wu Jian
Xom
Zin
The Shining One

Shops:
D:5 *


Message History

Aiming: Fulminant Prism
Press: ? - help, Dir - move target cursor You conjure a prism of explosive energy!
Something hits you. Something hits you.
Your fulminant prism crackles loudly.
Something hits you.
Your fulminant prism explodes!
The blast of energy engulfs something.
You hear a shout!
Something hits you. Something hits you!
* * * LOW HITPOINT WARNING * * *
Casting: Fulminant Prism
Confirm with . or Enter, or press ? or * to list all spells.
Aiming: Force Lance
Press: ? - help, Shift-Dir - straight line You miscast Force Lance.
You are very lightly contaminated with residual magic.
You feel a wrenching sensation. Something hits you.
You die...

#......[.# #.. +........+
# #.. #........#.### #.#
#........#.#<# #.# ...
#..........#.####.# ....
#........###.#....#.....
......................>.#
########.####.#...###....
.......@.....#...### ...
#########..........+ ..
############ .


There were no monsters in sight!

Vanquished Creatures
  The ghost of Malvoorn the Skirmisher, an amateur VSFi (D:3)
  A water moccasin (D:5)
  2 ice beasts (D:5)
  A sky beast (D:5)
  3 ogres
  A bullfrog (D:6)
  2 howler monkeys
  A centaur zombie (D:5)
  2 crimson imps (D:5)
  A centaur skeleton (D:5)
  6 orc priests
  A hound (D:4)
  8 orc wizards
  An iguana (D:4)
  9 adders
  An ooze (D:3)
  3 adder skeletons (D:4)
  2 worms
  3 dart slugs
  5 leopard geckos
  24 orcs
  8 bats
  3 giant cockroaches
  8 hobgoblins
  13 jackals
  3 quokkas
  3 ball pythons
  5 frilled lizards
  10 goblins
  10 kobolds
  2 leopard gecko skeletons (D:5)
  13 rats
156 creatures vanquished.

Vanquished Creatures (others)
  15 fulminant prisms
15 creatures vanquished.

Grand Total: 171 creatures vanquished

Notes
Turn   | Place    | Note
-------+----------+-------------------------------------------
     0 | D:1      | Megalobster the Deep Elf Conjurer began the quest for the Orb.
     0 | D:1      | Reached XP level 1. HP: 10/10 MP: 6/6
   199 | D:1      | Reached XP level 2. HP: 15/15 MP: 4/8
   205 | D:1      | Learned a level 2 spell: Searing Ray
   649 | D:1      | Reached skill level 5 in Conjurations
   906 | D:2      | Reached XP level 3. HP: 16/19 MP: 5/10
  1638 | D:2      | Found a glowing silver altar of Zin.
  1871 | D:2      | Reached XP level 4. HP: 24/24 MP: 10/12
  1877 | D:2      | Learned a level 4 spell: Iskenderun's Mystic Blast
  1882 | D:2      | Learned a level 4 spell: Fulminant Prism
  2044 | D:3      | Reached skill level 1 in Hexes
  2219 | D:3      | Reached XP level 5. HP: 28/28 MP: 7/13
  2224 | D:3      | Reached skill level 1 in Short Blades
  2224 | D:3      | Reached skill level 6 in Conjurations
  2512 | D:3      | Reached skill level 5 in Spellcasting
  2562 | D:3      | Reached XP level 6. HP: 27/32 MP: 7/15
  2569 | D:3      | Learned a level 4 spell: Force Lance
  2939 | D:3      | Noticed Malvoorn's ghost (amateur VSFi)
  2943 | D:3      | Killed Malvoorn's ghost
  2996 | D:3      | Reached skill level 1 in Translocations
  3094 | D:4      | Reached skill level 7 in Conjurations
  3094 | D:4      | Reached XP level 7. HP: 36/36 MP: 11/17
  3741 | D:4      | Found a staircase to the Ecumenical Temple.
  4111 | D:5      | Entered Level 5 of the Dungeon
  4241 | Temple   | Entered the Ecumenical Temple
  4317 | Temple   | Became a worshipper of Vehumet
  4355 | D:5      | Reached XP level 8. HP: 41/41 MP: 12/19
  4412 | D:5      | Reached skill level 8 in Conjurations
  4679 | D:5      | Found Ucel Faaty's Serpentskin Sales.
  4930 | D:5      | Reached skill level 5 in Hexes
  5084 | D:5      | Reached * piety under Vehumet
  5084 | D:5      | Offered knowledge of Sting by Vehumet.
  5141 | D:5      | Learned a level 3 spell: Dazzling Spray
  5460 | D:5      | Reached skill level 1 in Fighting
  5618 | D:6      | Slain by an unseen horror

Vault maps used:
D:1:      scummos_arrival_checkerplants, minmay_split_cup_small
D:2:      zin_scriptorium, kennysheep_big_empty_room, serial_park_tiny_1,
          minmay_split_cup_large
D:3:      cheibrodos_old_hovel, grunt_ministairs_1, minmay_liquid_box
D:4:      minmay_temple_entry_from_below_a, first_bread
D:5:      guppyfry_shop_venom
D:6:      kennysheep_six_static_rooms, kennysheep_little_box,
          serial_bayou_pond_d
Temple:   regret_index_temple_mists

Skill      XL: |  1  2  3  4  5  6  7  8 |
---------------+-------------------------+-----
Conjurations   | 5 6 7 8 |  8.9
Spellcasting   | 4 5 6 7 |  7.3
Hexes          | 2 3 4 5 |  5.0
Short Blades   | 1 2 3 4 |  4.0
Translocations | 1 2 3 |  3.3
Fighting       | 1 |  1.1
Dodging        | |  2.8
Stealth        | |  2.4

Action                   |  1- 3 |  4- 6 |  7- 9 || total
-------------------------+-------+-------+-------++-------
Melee: Dagger            |     2 |     6 |     7 ||    15
Throw: Stone             |       |     2 |       ||     2
 Cast: Magic Dart        |    54 |    64 |    42 ||   160
       Searing Ray       |     5 |     9 |    23 ||    37
       Iskenderun's Myst |       |     6 |    10 ||    16
       Fulminant Prism   |       |     4 |    12 ||    16
       Force Lance       |       |     1 |     6 ||     7
  Use: Scroll            |       |       |     4 ||     4
  Eat: Chunk             |     2 |     5 |     9 ||    16
       Fruit             |     1 |       |     2 ||     3
Armor: Robe              |     1 |       |     2 ||     3
Dodge: Dodged            |     9 |     6 |    24 ||    39
